 Dungeon Crawl Stone Soup version 0.31.0-32-g396128a36d (webtiles) character file.

Game seed: 17596976870394876799

32 SacredBeard the Vexing (level 3, 0/24 HPs)
             Began as a Vampire Enchanter on Mar 31, 2024.
             Succumbed to a kobold's poison
             ... on level 1 of the Dungeon.
             The game lasted 00:01:20 (509 turns).

SacredBeard the Vexing (Vampire Enchanter)           Turns: 509, Time: 00:01:20

Health: 0/24       AC:  2    Str:  7    XL:     3   Next: 10%
Magic:  6/6        EV: 12    Int: 19    God:
Gold:   48         SH:  0    Dex: 14    Spells: 6/6 levels left

rFire   . . .        a - +1 dagger
rCold   . . .        (no shield)
rNeg    . . .        b - +0 robe
rPois   .            (no helmet)
rElec   .            (no cloak)
rCorr   .            (no gloves)
SInv    +            (no boots)
Will    .....        (no amulet)
Stlth   +++          (no ring)
HPRegen 0.44/turn    (no ring)
MPRegen 0.10/turn

%: no passive effects
@: lethally poisoned (0 -> -12), healing quickly
A: alive, fangs 3, see invisible, vampiric 2
a: Exsanguinate


You were on level 1 of the Dungeon.
You visited 1 branch of the dungeon, and saw 1 of its levels.

You collected 48 gold pieces.

Inventory:

Hand Weapons
 a - a +1 dagger (weapon)
Missiles
 e - 3 stones (quivered)
Armour
 b - a +0 robe (worn)
Scrolls
 f - a scroll of immolation {unknown}
 g - a scroll of identify {unknown}
Potions
 c - 2 potions of invisibility
 d - a potion of haste {unknown}


   Skills:
 * Level 3.4 Short Blades
 - Level 2.1 Dodging
 - Level 4.4 Stealth
 - Level 2.0 Spellcasting
 - Level 4.4 Hexes


You had 6 spell levels left.
You didn't know any spells.
Your spell library contained the following spells:

 Spells                   Type           Power      Damage    Failure   Level
 Confusing Touch          Hex            18%        N/A       9%          3
 Tukima's Dance           Hex            18%        N/A       9%          3
 Ensorcelled Hibernation  Hex/Ice        20%        N/A       11%         2
 Dazzling Flash           Conj/Hex       20%        N/A       21%         3


Dungeon Overview and Level Annotations

Branches:
Dungeon (1/15)

Altars:


Innate Abilities, Weirdness & Mutations

Your natural rate of healing is accelerated.
You have razor-sharp teeth.
You have supernaturally acute eyesight. (SInv)
You are afflicted with vampirism and can become a bat while bloodless.


Message History

You kill the goblin!
No target in view!
You see here a +0 dagger.
You see here 3 stones.
e - 3 stones
f - a scroll labelled NETABA KOCVOETS
g - a scroll labelled IGIEWEW WA YGG A kobold comes into view.
It is wielding a +2 dagger of venom.
A frilled lizard comes into view.
The kobold shouts!
A ball python comes into view.
The kobold hits you with a +2 dagger of venom.
You are poisoned.
You miss the kobold.
You feel sick. The kobold misses you.
The frilled lizard hisses angrily.
You hit the kobold but do no damage. Your bite misses the kobold.
You feel sick. The ball python bites you. The ball python grabs you.
The ball python constricts you.
You hit the ball python.
You kill the ball python!
You feel sick. The kobold hits you but does no damage.
You are more poisoned.
You hit the kobold.
The kobold is moderately wounded.
You feel sick.
The kobold hits you with a +2 dagger of venom.
You are lethally poisoned!
You hit the kobold.
You kill the kobold!
You feel very sick. The frilled lizard misses you.
You are too injured to fight recklessly!
You are too injured to fight recklessly!
You closely miss the frilled lizard.
* * * LOW HITPOINT WARNING * * *
You feel very sick. The frilled lizard bites you.
* * * LOW HITPOINT WARNING * * *
You closely miss the frilled lizard.
You die...

#.# ♣♣.P.P♣ #.#
♣PPP.P♣♣# .. #.#
#♣♣♣♣♣♣.## ##.# #.#
#.##.. .... #.# #.##.##
... #
###.#######.##..##.##.#.
........................
###########.##..........
#.##..@)..#.
#.##...l......
#.##.###...... #.##.#
...... #....# .....
###### .#### # #######


You could see a frilled lizard.

Vanquished Creatures
  A dart slug (D:1)
  3 endoplasms (D:1)
  A giant cockroach (D:1)
  2 goblins (D:1)
  4 hobgoblins (D:1)
  8 jackals (D:1)
  2 kobolds (D:1)
  A quokka (D:1)
  A ball python (D:1)
  A bat (D:1)
24 creatures vanquished.

Notes
Turn   | Place    | Note
-------+----------+-------------------------------------------
     0 | D:1      | SacredBeard the Vampire Enchanter began the quest for the
                  | Orb.
     0 | D:1      | Reached XP level 1. HP: 13/13 MP: 3/3
    91 | D:1      | Reached XP level 2. HP: 8/19 MP: 5/5
   242 | D:1      | Gained mutation: You are afflicted with vampirism and can
                  | become a bat while bloodless. [Vampire growth]
   242 | D:1      | Reached XP level 3. HP: 17/24 MP: 6/6
   264 | D:1      | Found a faded altar of an unknown god.
   508 | D:1      | HP: 1/24 [frilled lizard (3)]
   509 | D:1      | Succumbed to a kobold's poison

Illustrated notes

Levels and vault maps discovered:
D:1:      dpeg_arrival_tiny_d, layout_basic, hellmonk_ecumenical_altar_lost_god,
          serial_forest, infiniplex_forest_end_1, infiniplex_forest_end_double,
          infiniplex_forest_end_3, infiniplex_forest_diagonal,
          infiniplex_forest_end_3, infiniplex_forest_straight_5,
          infiniplex_forest_end_2

Skill      XL: |  1  2 |
---------------+-------+-----
Short Blades   | 2 3 |  3.4
Dodging        | |  2.1
Stealth        | |  4.4
Spellcasting   | |  2.0
Hexes          | |  4.4

Action                     || total
---------------------------++-------
  Melee: Dagger            ||    97
         Bite              ||     7
   Stab: Sleeping          ||     6
 Armour: Robe              ||    45
  Dodge: Dodged            ||    91
